[Event "Betsys MČR v online bleskovém šachu 2021"]
[Site "Chess.com"]
[Date "2021.04.17"]
[Round "6"]
[White "rakintsev"]
[Black "ritchi12"]
[Result "1-0"]
[WhiteElo "1744"]
[BlackElo "1118"]
[TimeControl "180+1"]
[EndTime "9:53:03 PDT"]
[Termination "Uživatel rakintsev zvítězil matem"]

1. e4 e5 2. f4 exf4 3. Nf3 Nc6 4.
Bc4 Be7 5. O-O Nh6 6. d4 O-O 7. Bxf4 d6 8. c3 Ng4 9. Qe1 Bh4 10. Nxh4 Qf6 11. Qg3 Qg6 12. Nxg6 hxg6 13. h3 Nh6 14.
Bxh6 gxh6 15. Qxg6+ Kh8 16. Qxh6+ Kg8 17. Rf6 Be6 18.
Qg5+ Kh7 19. Rh6# 1-0

[Event "Betsys MČR v online bleskovém šachu 2021"]
[Site "Chess.com"]
[Date "2021.04.17"]
[Round "6"]
[White "Kijonker"]
[Black "Jaja15F"]
[Result "1-0"]
[WhiteElo "1469"]
[BlackElo "1113"]
[TimeControl "180+1"]
[EndTime "9:53:13 PDT"]
[Termination "Uživatel Kijonker zvítězil matem"]

1. e4 e5 2. Nf3 Nc6 3. Bc4 h6 4. d4 exd4 5. Nxd4 Nf6 6. Nc3 Bc5 7.
Nxc6 dxc6 8. Qxd8+ Kxd8 9. O-O Ke7 10. Bf4 Bd6 11. Bg3 Bxg3 12. fxg3 Re8 13. e5 Nd7 14. Rxf7+ Kd8 15. e6 Nf6 16. Rd1+ Bd7 17. exd7 Re7 18. Rf8+ Ne8 19. dxe8=Q# 1-0

[Event "Betsys MČR v online bleskovém šachu 2021"]
[Site "Chess.com"]
[Date "2021.04.17"]
[Round "6"]
[White "OndrejBorkovec"]
[Black "malviny"]
[Result "1-0"]
[WhiteElo "1509"]
[BlackElo "1166"]
[TimeControl "180+1"]
[EndTime "9:53:25 PDT"]
[Termination "Uživatel OndrejBorkovec zvítězil matem"]

1. c4 e5 2. f4 exf4 3. Nf3 Nf6 4. d4 d5 5. Bxf4 Bd6 6. Bxd6 Qxd6 7. e3 O-O 8. Be2 c5 9. O-O cxd4 10. exd4 b6 11.
Nc3 Ba6 12. Nb5 Bxb5 13. cxb5 Ne4 14. Rc1 Nd7 15. Qd3 Ndf6 16. Bd1 Qb4 17. b3 Qa3 18. Bc2 Qxa2 19. Nd2 Qa3 20. Nxe4 Nxe4 21. Rce1 Qb4 22.
Re3 Nd2 23. Qxh7# 1-0

[Event "Betsys MČR v online bleskovém šachu 2021"]
[Site "Chess.com"]
[Date "2021.04.17"]
[Round "6"]
[White "Petroniuss"]
[Black "tudlenudle"]
[Result "1/2-1/2"]
[WhiteElo "2292"]
[BlackElo "1943"]
[TimeControl "180+1"]
[EndTime "9:53:26 PDT"]
[Termination "Remíza opakováním pozice"]

1. e4 e5 2. Nf3 Nc6 3. d4 exd4 4. c3 d5 5. exd5 Qxd5 6. cxd4 Nf6 7. Nc3 Bb4 8. Be2 O-O 9. O-O Qh5 10. h3 Re8 11. Ne5 Qh4 12. Nf3 Qh5 13. Ne5 Qh4 14. Nf3 Qh5 1/2-1/2

[Event "Betsys MČR v online bleskovém šachu 2021"]
[Site "Chess.com"]
[Date "2021.04.17"]
[Round "6"]
[White "TTCZ"]
[Black "clarissamcclellan"]
[Result "0-1"]
[WhiteElo "1470"]
[BlackElo "1823"]
[TimeControl "180+1"]
[EndTime "9:53:38 PDT"]
[Termination "Uživatel clarissamcclellan zvítězil po vzdání soupeře"]

1. e4 e6 2. d4 d5 3. exd5 exd5 4. Nc3 Nf6 5. Nf3 c5 6. dxc5 Bxc5 7. Be2 O-O 8. O-O h6 9. a3 Nc6 10. h3 Bf5 11. Bf4 Qd7 12. Bd3 Rad8 13. Bxf5 Qxf5 14. Bg3 Ne4 15. Nxe4 dxe4 16. Nh4 Qe6 17. Qe2 g5 18. Qg4 Qxg4 19. hxg4 gxh4 20. Bxh4 Rd2 0-1

[Event "Betsys MČR v online bleskovém šachu 2021"]
[Site "Chess.com"]
[Date "2021.04.17"]
[Round "6"]
[White "koky_3"]
[Black "jsebesta"]
[Result "1-0"]
[WhiteElo "2057"]
[BlackElo "1657"]
[TimeControl "180+1"]
[EndTime "9:53:47 PDT"]
[Termination "Uživatel koky_3 zvítězil po vzdání soupeře"]

1. e4 Nc6 2. Nf3 b6 3. d4 d5 4. exd5 Qxd5 5. c4 Qe4+ 6. Be3 Nb4 7. Nc3 Qc6 8. a3 Na6 9. Ne5 Qe6 10. c5 Bd7 11. Bxa6 bxc5 12. Bc4 Qg6 1-0

[Event "Betsys MČR v online bleskovém šachu 2021"]
[Site "Chess.com"]
[Date "2021.04.17"]
[Round "6"]
[White "machajda"]
[Black "5265"]
[Result "1-0"]
[WhiteElo "2032"]
[BlackElo "1625"]
[TimeControl "180+1"]
[EndTime "9:53:47 PDT"]
[Termination "Uživatel machajda zvítězil po vzdání soupeře"]

1. e4 e5 2. Nf3 Nc6 3. Bc4 Nf6 4.
d3 Bc5 5. c3 h6 6. Nbd2 d6 7. a4 Be6 8. Bxe6 fxe6 9. b4 Nxb4 10. cxb4 Bxb4 11. Qb3 Bxd2+ 12. Bxd2 b6 13. Be3 O-O 14.
Qxe6+ Kh8 15. Qb3 c5 16. h3 Qe7 17. O-O Nh5 18. a5 bxa5 19. Rxa5 Rab8 20. Qa2 Rb7 21. Ra1 Rf7 22. Qd5 Nf6 23. Qa2 Qc7 24.
Nd2 Qb6 25. Nc4 Qc7 26. Ra6 d5 27. exd5 Nxd5 28. Nd6 Nb4 29. Qxf7 Nxa6 30. Qxc7 Rxc7 31. Rxa6 1-0

[Event "Betsys MČR v online bleskovém šachu 2021"]
[Site "Chess.com"]
[Date "2021.04.17"]
[Round "6"]
[White "p_kana"]
[Black "TomSedmihradsky"]
[Result "1-0"]
[WhiteElo "1792"]
[BlackElo "1468"]
[TimeControl "180+1"]
[EndTime "9:53:56 PDT"]
[Termination "Uživatel p_kana zvítězil po vzdání soupeře"]

1. e4 e5 2. Nf3 Nc6 3. d4 exd4 4. c3 Nf6 5. e5 Nd5 6. cxd4 d6 7. Bc4 Nb6 8. Bb5 Bg4 9. O-O dxe5 10. Re1 f6 11. h3 Bxf3 12. Qxf3 Qxd4 13. Bxc6+ Kd8 14. Rd1 Qxd1+ 15. Qxd1+ Ke7 16. Bxb7 Rd8 17. Qb3 f5 18. Bg5+ 1-0

[Event "Betsys MČR v online bleskovém šachu 2021"]
[Site "Chess.com"]
[Date "2021.04.17"]
[Round "6"]
[White "marecek1754"]
[Black "ReceptiveYoyo"]
[Result "1-0"]
[WhiteElo "2170"]
[BlackElo "1339"]
[TimeControl "180+1"]
[EndTime "9:54:06 PDT"]
[Termination "Uživatel marecek1754 zvítězil po vzdání soupeře"]

1. e4 c5 2. Nc3 d6 3. g3 g6 4. Bg2 Bg7 5. d3 Nf6 6. f4 O-O 7. Nf3 Nc6 8. O-O Bg4 9. h3 Bxf3 10. Qxf3 Nd4 11. Qf2 e5 12. g4 exf4 13. Bxf4 Qe7 14.
Bg5 Qe5 15. Bxf6 Bxf6 16. Qxf6 Nxc2 17. Qxe5 dxe5 18. Rac1 Nd4 19. Rf2 Rad8 20. Nd5 b6 21.
g5 Ne6 22. h4 Kg7 23. Bh3 Rd6 24. Bxe6 Rxe6 25. Rcf1 b5 26. Rf6 Rxf6 27. Rxf6 c4 28. dxc4 bxc4 29. Rc6 1-0

[Event "Betsys MČR v online bleskovém šachu 2021"]
[Site "Chess.com"]
[Date "2021.04.17"]
[Round "6"]
[White "LightningAttack_2000"]
[Black "FBingoPlayer"]
[Result "0-1"]
[WhiteElo "1898"]
[BlackElo "2194"]
[TimeControl "180+1"]
[EndTime "9:54:18 PDT"]
[Termination "Uživatel FBingoPlayer zvítězil po vzdání soupeře"]

1. e4 e6 2. d4 d5 3. Nd2 Nf6 4. e5 Nfd7 5. Bd3 c5 6. c3 Nc6 7. Ne2 Be7 8. Nf3 h6 9. O-O a6 10. a4 b6 11. Bd2 Bb7 12. Rc1 g5 13. Ne1 Qc7 14. b4 c4 15. Bc2 O-O-O 16. f4 f6 17. fxg5 fxe5 18. Rf7 Bxg5 19. Bxg5 hxg5 20. dxe5 Ncxe5 21. Rg7 Ng4 22. Nf4 Qxf4 23. g3 0-1

[Event "Betsys MČR v online bleskovém šachu 2021"]
[Site "Chess.com"]
[Date "2021.04.17"]
[Round "6"]
[White "JindrichT_JR_CZE"]
[Black "valid88"]
[Result "0-1"]
[WhiteElo "983"]
[BlackElo "1340"]
[TimeControl "180+1"]
[EndTime "9:54:18 PDT"]
[Termination "Uživatel valid88 zvítězil po vzdání soupeře"]

1. e4 c6 2. d4 d5 3. e5 Bf5 4. Bd3 Bg6 5. Bxg6 hxg6 6. Nf3 e6 7.
Be3 Ne7 8. O-O Nf5 9. Bg5 Be7 10. Bxe7 Qxe7 11. a3 Nh4 12. Nxh4 Qxh4 13. h3 Nd7 14. Re1 g5 15. Nc3 Rh7 16. Rc1 O-O-O 17. g3 Qxh3 0-1

[Event "Betsys MČR v online bleskovém šachu 2021"]
[Site "Chess.com"]
[Date "2021.04.17"]
[Round "6"]
[White "ikovacs"]
[Black "handlovskyjachym"]
[Result "1-0"]
[WhiteElo "1063"]
[BlackElo "1321"]
[TimeControl "180+1"]
[EndTime "9:54:20 PDT"]
[Termination "Uživatel ikovacs zvítězil – soupeř opustil hru"]

1. d4 d5 2. e3 Nf6 3. Nf3 e6 4.
g3 Nbd7 5. Bg2 Be7 6. O-O O-O 7. b3 b6 8. Nbd2 Bb7 9. Bb2 Rc8 10. c4 c5 11.
dxc5 Nxc5 12. cxd5 Bxd5 13. Ne5 Ncd7 14. Bxd5 Nxe5 15.
Bxe5 Qxd5 16. Nc4 Qe4 17. Bxf6 Bxf6 18. Nd6 Qc6 19. Nxc8 Bxa1 20. Ne7+ Kh8 21. Nxc6 Bf6 22. Qd6 Rc8 23. Rd1 g6 24. Ne5 1-0

[Event "Betsys MČR v online bleskovém šachu 2021"]
[Site "Chess.com"]
[Date "2021.04.17"]
[Round "6"]
[White "pepca"]
[Black "machonza"]
[Result "0-1"]
[WhiteElo "1529"]
[BlackElo "1972"]
[TimeControl "180+1"]
[EndTime "9:54:29 PDT"]
[Termination "Uživatel machonza zvítězil po vzdání soupeře"]

1. e4 c5 2. Nc3 Nc6 3. g3 g6 4. Bg2 Bg7 5. f4 d6 6. Nf3 e6 7. O-O Nge7 8. d3 Nd4 9. Be3 O-O 10. Rb1 Rb8 11. Ne2 Nec6 12. c3 Nxf3+ 13. Rxf3 Qa5 14. a3 d5 15. exd5 exd5 16. Rf1 Re8 17. Bf2 Bg4 18. Re1 d4 19. cxd4 Nxd4 20. Bxd4 Bxd4+ 21. Kh1 Bf2 22. b4 cxb4 23. axb4 Qh5 24. Qd2 Bxe1 25. Rxe1 Rxe2 26. Rxe2 Bxe2 27. h3 Bf3 28. g4 Qxh3+ 29. Kg1 Qxg4 30.
Kf1 Bxg2+ 31. Qxg2 Qxf4+ 32. Qf2 Qxf2+ 33. Kxf2 0-1

[Event "Betsys MČR v online bleskovém šachu 2021"]
[Site "Chess.com"]
[Date "2021.04.17"]
[Round "6"]
[White "dino5517"]
[Black "Molefancier"]
[Result "1-0"]
[WhiteElo "1391"]
[BlackElo "1064"]
[TimeControl "180+1"]
[EndTime "9:54:39 PDT"]
[Termination "Uživatel dino5517 zvítězil po vzdání soupeře"]

1. e4 c6 2. d4 d5 3. e5 e6 4.
c4 c5 5. Nf3 cxd4 6. Nxd4 Bc5 7. Be3 b6 8. Nc3 Nc6 9. Nxc6 Qc7 10. Nd4 Qxe5 11. cxd5 Bxd4 12. Qxd4 Qd6 13. Qxg7 Qb4 14. Qxh8 Kf8 15. Bh6+ Ke7 16. Qxg8 Qxb2 17. Bg5+ Kd6 18. Qd8+ Ke5 19. Qf6+ Kd6 20. Ne4+ Kc7 21. Qxb2 1-0

[Event "Betsys MČR v online bleskovém šachu 2021"]
[Site "Chess.com"]
[Date "2021.04.17"]
[Round "6"]
[White "patrikvagner"]
[Black "Simago"]
[Result "0-1"]
[WhiteElo "1783"]
[BlackElo "2096"]
[TimeControl "180+1"]
[EndTime "9:54:48 PDT"]
[Termination "Uživatel Simago zvítězil matem"]

1. d4 Nf6 2. c4 g6 3. Nc3 Bg7 4.
e4 d6 5. Nf3 O-O 6. Be2 Nbd7 7.
O-O e5 8. dxe5 dxe5 9. Bg5 c6 10. Qc2 Qc7 11. Rfd1 h6 12. Be3 Ng4 13. Qd2 Nxe3 14.
Qxe3 a5 15. a3 Re8 16. Rd2 Nf8 17. Rad1 Ne6 18. g3 Nd4 19. Rc2 Nxc2 20. Qd2 Nd4 21. Nxd4 exd4 22. Na4 Be6 23. Bd3 c5 24. b3 b6 25. Nb2 Qd7 26. f3 f5 27. Bc2 fxe4 28.
Bxe4 Bf5 29. Bxf5 Qxf5 30. Nd3 Re3 31. Nf4 Rae8 32. Kf2 g5 33. Nd3 Qxf3+ 34. Kg1 Re2 35.
Qc1 Qg2# 0-1

[Event "Betsys MČR v online bleskovém šachu 2021"]
[Site "Chess.com"]
[Date "2021.04.17"]
[Round "6"]
[White "8_olda_8"]
[Black "Vojta0007"]
[Result "1-0"]
[WhiteElo "1797"]
[BlackElo "1481"]
[TimeControl "180+1"]
[EndTime "9:54:48 PDT"]
[Termination "Uživatel 8_olda_8 zvítězil matem"]

1. d4 d5 2. c4 c6 3. Nc3 e6 4. Nf3 Nf6 5. Bf4 Be7 6. e3 Nbd7 7. h3 b6 8. Rc1 Bb7 9. cxd5 cxd5 10. Bd3 O-O 11.
O-O Rc8 12. Qe2 Re8 13. Nb5 a6 14. Nd6 Bxd6 15. Bxd6 b5 16. a4 bxa4 17. Bxa6 Rxc1 18. Rxc1 Qb6 19. Bxb7 Qxb7 20. Ba3 Qb3 21. Rc3 Qb7 22.
Qc2 Qa6 23. Rc7 h6 24. g4 Rd8 25. g5 hxg5 26. Nxg5 Ne8 27. Qh7# 1-0

[Event "Betsys MČR v online bleskovém šachu 2021"]
[Site "Chess.com"]
[Date "2021.04.17"]
[Round "6"]
[White "sachistamartin"]
[Black "Maximon2012"]
[Result "1-0"]
[WhiteElo "1432"]
[BlackElo "1078"]
[TimeControl "180+1"]
[EndTime "9:54:48 PDT"]
[Termination "Uživatel sachistamartin zvítězil matem"]

1. c4 e5 2. Nc3 Nf6 3. e4 Bc5 4. d3 d6 5. Be3 Bxe3 6. fxe3 Be6 7. Nf3 Nc6 8. Be2 Qe7 9. a3 O-O 10. b4 a6 11. O-O Qd7 12. d4 exd4 13. exd4 Bg4 14. d5 Ne5 15. Nxe5 Bxe2 16. Nxd7 Bxd1 17. Nxf6+ gxf6 18. Raxd1 c6 19. Rf2 Kg7 20. Rf3 Rfe8 21. Rdf1 cxd5 22. exd5 h5 23. Rxf6 Kh7 24. Rxf7+ Kg6 25.
R1f6+ Kg5 26. Rxd6 Re1+ 27. Kf2 Ra1 28. Ne4+ Kg4 29.
h3+ Kh4 30. Rf4# 1-0

[Event "Betsys MČR v online bleskovém šachu 2021"]
[Site "Chess.com"]
[Date "2021.04.17"]
[Round "6"]
[White "bumurubac"]
[Black "RunningPawnz88"]
[Result "0-1"]
[WhiteElo "1013"]
[BlackElo "1342"]
[TimeControl "180+1"]
[EndTime "9:55:01 PDT"]
[Termination "Uživatel RunningPawnz88 zvítězil matem"]

1. e4 c5 2. Bc4 e6 3. Nf3 Ne7 4. Ne5 Nbc6 5. f4 Nxe5 6. fxe5 d5 7. exd5 Nxd5 8. Bxd5 Qxd5 9. O-O Qxe5 10. Qf3 f6 11. c3 Bd6 12. d4 Qxh2+ 13. Kf2 O-O 14. Nd2 cxd4 15. cxd4 e5 16. Ne4 exd4 17.
Nxd6 Qxd6 18. Bf4 Qb6 19. Rfd1 Be6 20. Qe4 Rad8 21. Rd3 Qxb2+ 22. Rd2 Qxa1 23. Qxb7 Qc3 24. Bc7 Qxd2+ 25. Kg3 Rde8 26. Bd6 Qg5+ 27. Kf3 Rf7 28. Qb3 Bg4+ 29. Kf2 Re2+ 30. Kf1 Qc1+ 31. Qd1 Qxd1# 0-1

[Event "Betsys MČR v online bleskovém šachu 2021"]
[Site "Chess.com"]
[Date "2021.04.17"]
[Round "6"]
[White "adasmrazek"]
[Black "hvanacek"]
[Result "1-0"]
[WhiteElo "1317"]
[BlackElo "953"]
[TimeControl "180+1"]
[EndTime "9:55:12 PDT"]
[Termination "Uživatel adasmrazek zvítězil matem"]

1. d4 d5 2. c4 c6 3. Nc3 Nf6 4.
Nf3 e6 5. Bg5 Bb4 6. Rc1 Bxc3+ 7.
bxc3 O-O 8. e3 Nbd7 9. Be2 b5 10. cxb5 cxb5 11. Bxb5 Qb6 12. Rb1 Ba6 13. Bxd7 Nxd7 14. Rxb6 Nxb6 15. Be7 Rfe8 16. Bc5 Rac8 17. Bxb6 axb6 18.
Qb3 Bc4 19. Qb4 Rb8 20. Kd2 b5 21. Ne5 Bxa2 22. Ra1 Bc4 23. Ra7 f6 24. Nxc4 bxc4 25. Rb7 Rxb7 26. Qxb7 g5 27. g4 Rf8 28. Qd7 e5 29.
Qe7 exd4 30. cxd4 Rb8 31. Qe6+ Kh8 32. Qxf6+ Kg8 33. Qe6+ Kh8 34. Qe5+ Kg8 35. Qxb8+ Kf7 36. Qe5 Kg6 37. Qxd5 Kh6 38. Qxc4 Kg6 39. Qe6+ Kg7 40. Qe7+ Kh6 41. f4 gxf4 42. exf4 Kg6 43. f5+ Kh6 44. Qh4+ Kg7 45. Qg5+ Kh8 46. Qf6+ Kg8 47. g5 h5 48.
gxh6 Kh7 49. Qg7# 1-0

[Event "Betsys MČR v online bleskovém šachu 2021"]
[Site "Chess.com"]
[Date "2021.04.17"]
[Round "6"]
[White "PetrVelicka"]
[Black "Rubinus"]
[Result "0-1"]
[WhiteElo "2370"]
[BlackElo "2177"]
[TimeControl "180+1"]
[EndTime "9:55:13 PDT"]
[Termination "Uživatel Rubinus zvítězil po vzdání soupeře"]

1. e4 c5 2. Nf3 d6 3. d4 cxd4 4.
Nxd4 Nf6 5. Nc3 a6 6. Be3 e5 7. Nb3 Be7 8. Qd2 Qc7 9. f4 Be6 10. f5 Bc4 11. O-O-O Nbd7 12. h3 Nb6 13. g4 Bxf1 14.
Rhxf1 Nc4 15. Qd3 Nxe3 16. Qxe3 h6 17. Kb1 O-O 18. Nd5 Nxd5 19. Rxd5 Rac8 20. Qd3 Qc4 21. Rd1 b6 22. Nd2 Qxd3 23. Rxd3 Rc6 24. b3 b5 25. Nf1 Rfc8 26. R1d2 Bg5 27. Re2 Kf8 28. Nh2 Bf4 29. Nf3 Ke7 30. Kb2 Rc5 31. Nh4 Rd8 32. Ng2 g5 33.
Ne3 Bxe3 34. Rexe3 f6 35. Re2 d5 36. Red2 d4 37.
Re3 dxe3 0-1

[Event "Betsys MČR v online bleskovém šachu 2021"]
[Site "Chess.com"]
[Date "2021.04.17"]
[Round "6"]
[White "mendryxchess"]
[Black "Krtecci"]
[Result "1-0"]
[WhiteElo "1788"]
[BlackElo "2077"]
[TimeControl "180+1"]
[EndTime "9:55:14 PDT"]
[Termination "Uživatel mendryxchess zvítězil matem"]

1. e4 e5 2. Nf3 Nf6 3. Bc4 Nxe4 4.
Nc3 Nxc3 5. dxc3 f6 6. Nh4 g6 7. f4 Qe7 8. O-O Qc5+ 9. Kh1 Qxc4 10. fxe5 Qxh4 11. exf6 Bd6 12. f7+ Kd8 13. h3 Qg3 14. Kg1 b6 15. Qd5 Nc6 16. Bg5+ Ne7 17. f8=Q+ Rxf8 18. Rxf8# 1-0

[Event "Betsys MČR v online bleskovém šachu 2021"]
[Site "Chess.com"]
[Date "2021.04.17"]
[Round "6"]
[White "EliasD123"]
[Black "lockerbieQ"]
[Result "0-1"]
[WhiteElo "1303"]
[BlackElo "1738"]
[TimeControl "180+1"]
[EndTime "9:55:33 PDT"]
[Termination "Uživatel lockerbieQ zvítězil po vzdání soupeře"]

1. e4 c5 2. Nf3 d6 3. d4 cxd4 4. Nxd4 Nf6 5. Nc3 a6 6. Be3 e5 7. Nf3 Be6 8. Bd3 Be7 9. Qd2 Qc7 10. h4 Nbd7 11. O-O-O b5 12. a3 Rc8 13. Ng5 Nb6 14.
Nxe6 fxe6 15. Qe2 Nc4 16. Bxc4 Qxc4 17. Qf3 O-O 18. g4 d5 19. Rd2 Nxe4 20. Qd1 Nxd2 21.
Qe1 d4 22. Qxd2 dxc3 23. bxc3 Bxa3+ 0-1

[Event "Betsys MČR v online bleskovém šachu 2021"]
[Site "Chess.com"]
[Date "2021.04.17"]
[Round "6"]
[White "zaciname"]
[Black "krajic001"]
[Result "0-1"]
[WhiteElo "723"]
[BlackElo "1252"]
[TimeControl "180+1"]
[EndTime "9:55:35 PDT"]
[Termination "Uživatel krajic001 zvítězil po vzdání soupeře"]

1. e4 e5 2. Nf3 Nc6 3. Bc4 Nf6 4. d3 Bc5 5. h3 d6 6. Ng5 O-O 7. Nc3 h6 8. Nf3 Be6 9. Bxe6 fxe6 10. Be3 Bb6 11.
O-O d5 12. exd5 exd5 13. d4 exd4 14. Nxd4 Nxd4 15. Bxd4 c5 16. Bxf6 Qxf6 17. Qxd5+ Kh8 18. Qxb7 c4 19. Qe4 Rae8 20. Qg4 Bxf2+ 21. Rxf2 Qxf2+ 22. Kh2 Qf4+ 23. Qxf4 Rxf4 24. Nd5 Rd4 25. Nc7 Re2 26. Rf1 Rdd2 27. Rg1 Rxc2 28. Nd5 Rxb2 29. Nf4 Rf2 30. Kg3 Rxa2 31. Ng6+ Kh7 32. Nf8+ Rxf8 0-1

[Event "Betsys MČR v online bleskovém šachu 2021"]
[Site "Chess.com"]
[Date "2021.04.17"]
[Round "6"]
[White "hoacin"]
[Black "masterofbuzkashi"]
[Result "1-0"]
[WhiteElo "2531"]
[BlackElo "2255"]
[TimeControl "180+1"]
[EndTime "9:55:36 PDT"]
[Termination "Uživatel hoacin zvítězil matem"]

1. e4 c5 2. Nf3 Nc6 3. d4 cxd4 4. Nxd4 Nf6 5. Nc3 g6 6. Nxc6 bxc6 7. e5 Ng8 8. Bc4 Bg7 9. Bf4 Qa5 10. O-O Nh6 11. Qd2 Nf5 12. Rad1 O-O 13. Rfe1 Rb8 14. Bb3 h5 15. Qe2 Qb6 16. h3 Nh6 17. Qd2 Nf5 18. Ne4 e6 19. Nf6+ Kh8 20. c4 a5 21.
Bc2 Qxb2 22. Rb1 Qd4 23. Bxf5 Qxd2 24. Bxd2 Rxb1 25. Bxb1 d5 26. cxd5 cxd5 27. Bd3 Bb7 28. Rb1 Bc6 29. Rb6 Rc8 30. Ba6 Rc7 31. Rb8+ Bf8 32.
Rxf8+ Kg7 33. Rg8# 1-0

[Event "Betsys MČR v online bleskovém šachu 2021"]
[Site "Chess.com"]
[Date "2021.04.17"]
[Round "6"]
[White "HerjoAnpe"]
[Black "Ami2013"]
[Result "1-0"]
[WhiteElo "1237"]
[BlackElo "416"]
[TimeControl "180+1"]
[EndTime "9:55:36 PDT"]
[Termination "Uživatel HerjoAnpe zvítězil na čas"]

1. d4 d5 2. Nf3 Nc6 3. e3 Bg4 4. c3 Nf6 5. Nbd2 e6 6. Be2 Qd6 7.
O-O O-O-O 8. Qc2 Bxf3 9. Nxf3 Ng4 10. h3 Nh6 11. Nd2 Be7 12. e4 Qf4 13. Nb3 Qf6 14. e5 Nxe5 15. dxe5 Qxe5 16. Bf3 Bd6 17. g3 f5 18. Bg2 f4 19. gxf4 Qf6 20. Qd2 Rhf8 21. Re1 Bc5 22. Qe2 Bb6 23. Qxe6+ 1-0

[Event "Betsys MČR v online bleskovém šachu 2021"]
[Site "Chess.com"]
[Date "2021.04.17"]
[Round "6"]
[White "Ladislav1969"]
[Black "Dan1612"]
[Result "1-0"]
[WhiteElo "2313"]
[BlackElo "1977"]
[TimeControl "180+1"]
[EndTime "9:55:57 PDT"]
[Termination "Uživatel Ladislav1969 zvítězil po vzdání soupeře"]

1. e4 c5 2. d4 cxd4 3. c3 d3 4. Bxd3 d6 5. c4 Nf6 6. Nc3 e5 7. Nge2 Bg4 8. f3 Be6 9. Be3 Be7 10. Nd5 Nxd5 11. cxd5 Bd7 12. O-O O-O 13. Rc1 Na6 14.
a3 Nc5 15. Bc2 Rc8 16. b4 Na6 17. Bd3 Bg5 18. Qd2 Bxe3+ 19. Qxe3 Qb6 20. Kf2 Qxe3+ 21. Kxe3 Nc7 22. Rc3 Bb5 23. Rfc1 Bxd3 24. Kxd3 f5 25. Rxc7 fxe4+ 26. fxe4 Rxc7 27. Rxc7 Rf2 28. Rxb7 Rxg2 29. Rxa7 Rxh2 30. b5 Rh3+ 31. Kc2 Re3 32. Nc3 Rf3 33. b6 Rf8 34. b7 h5 35. Ra8 h4 36. Rxf8+ Kxf8 37. b8=Q+ Kf7 38. Qxd6 h3 39. Qxe5 h2 40. Qxh2 g5 41. d6 g4 42. Nd5 g3 43. Qh7+ 1-0

[Event "Betsys MČR v online bleskovém šachu 2021"]
[Site "Chess.com"]
[Date "2021.04.17"]
[Round "6"]
[White "xnepom"]
[Black "MametevArtem097"]
[Result "1-0"]
[WhiteElo "2252"]
[BlackElo "1997"]
[TimeControl "180+1"]
[EndTime "9:55:59 PDT"]
[Termination "Uživatel xnepom zvítězil matem"]

1. e4 e5 2. Nf3 Nc6 3. Bb5 a6 4. Ba4 Nf6 5. d4 exd4 6. O-O d6 7. Nxd4 Bd7 8. Nxc6 Bxc6 9. Bxc6+ bxc6 10. Nc3 Be7 11.
Bf4 O-O 12. e5 dxe5 13. Qxd8 Raxd8 14. Bxe5 Bd6 15. Bxf6 gxf6 16. Rad1 Be5 17. Na4 Rd5 18. Rxd5 cxd5 19. Rd1 d4 20. Kf1 Kg7 21. g3 Kg6 22. f4 Bd6 23. Rxd4 Rb8 24. Ke2 Rb4 25. Rxb4 Bxb4 26.
Kf3 Kf5 27. g4+ Ke6 28. c3 Bd6 29. b3 Ba3 30. c4 Kd6 31. Ke4 Bc1 32. Nc3 Kc5 33. Nd5 Bb2 34. Nxc7 Kb4 35. Nxa6+ Ka3 36. c5 Kxa2 37. c6 Kxb3 38. c7 Ka4 39. c8=Q f5+ 40. gxf5 h5 41. Qb7 Bc3 42. Nc5+ Ka5 43. Kd5 h4 44.
Kc4 Bb4 45. Qb5# 1-0

[Event "Betsys MČR v online bleskovém šachu 2021"]
[Site "Chess.com"]
[Date "2021.04.17"]
[Round "6"]
[White "Koli05"]
[Black "Daffac"]
[Result "1-0"]
[WhiteElo "1857"]
[BlackElo "2083"]
[TimeControl "180+1"]
[EndTime "9:56:04 PDT"]
[Termination "Uživatel Koli05 zvítězil matem"]

1. d4 f5 2. e4 fxe4 3. Nc3 Nf6 4. Bg5 Nc6 5. d5 Ne5 6. Qe2 Nf7 7. Bxf6 exf6 8.
Nxe4 Bb4+ 9. c3 Be7 10. d6 cxd6 11. O-O-O O-O 12. Nf3 b6 13. Nd4 Re8 14. Qd2 Bb7 15.
Bd3 Ne5 16. Bc2 Rc8 17. Nf5 d5 18. Ned6 Nc4 19. Qf4 Nxd6 20. Nxd6 Bxd6 21. Qxd6 Qe7 22. Qf4 Qe5 23. Qh4 h6 24. f4 Qe3+ 25. Kb1 d4 26.
Rxd4 Bxg2 27. Rhd1 Be4 28. Bxe4 Rxe4 29. Rxd7 Rxf4 30. Qh5 Qe4+ 31. Ka1 Re8 32. Qf7+ Kh8 33. Qxg7# 1-0

[Event "Betsys MČR v online bleskovém šachu 2021"]
[Site "Chess.com"]
[Date "2021.04.17"]
[Round "6"]
[White "Newyork6"]
[Black "Petulak08"]
[Result "0-1"]
[WhiteElo "333"]
[BlackElo "1218"]
[TimeControl "180+1"]
[EndTime "9:56:05 PDT"]
[Termination "Uživatel Petulak08 zvítězil po vzdání soupeře"]

1. Nf3 Nf6 2. g3 d5 3. Bg2 c6 4. O-O Nbd7 5. d3 e5 6. Nxe5 Nxe5 7. d4 Ng6 8. c3 c5 9. e3 b6 10. Na3 Bb7 11. Bd2 Be7 12. g4 Qd7 13. g5 Ne4 14. Bxe4 dxe4 15. f3 exf3 16. Rxf3 Qg4+ 17. Rg3 Qxd1+ 18.
Rxd1 Be4 19. Rf1 O-O 20. Rg4 Bd5 21. c4 Bc6 22. e4 Rfe8 23. dxc5 Bxc5+ 24. Kg2 Bxe4+ 25. Kg3 Bd6+ 26. Kh3 Bd3 27. Re1 Rxe1 28. Rh4 Bf5+ 29. Kg2 Re2+ 30. Kf1 Rxd2 31. Rd4 Rxd4 0-1

[Event "Betsys MČR v online bleskovém šachu 2021"]
[Site "Chess.com"]
[Date "2021.04.17"]
[Round "6"]
[White "adiklan"]
[Black "Tah_na_g12"]
[Result "1-0"]
[WhiteElo "1909"]
[BlackElo "1178"]
[TimeControl "180+1"]
[EndTime "9:56:07 PDT"]
[Termination "Uživatel adiklan zvítězil matem"]

1. e4 e5 2. Bc4 Nf6 3. d4 exd4 4. Nf3 Nc6 5. O-O Bc5 6. e5 Ng4 7. Re1 O-O 8. h3 Nh6 9. Bxh6 gxh6 10. Nbd2 d6 11. Nb3 Be6 12. Bxe6 fxe6 13. Nfxd4 Bxd4 14. Nxd4 dxe5 15. Nxc6 Qxd1 16. Raxd1 bxc6 17. Rxe5 Rab8 18. b3 Rf6 19. Rd7 Rb7 20. Re7 Rb5 21. R5xe6 Rxe6 22. Rxe6 Rc5 23. c4 Ra5 24. Rxc6 Rxa2 25. Rxc7 Ra1+ 26. Kh2 Rb1 27. Rxa7 Rxb3 28. Rc7 Rc3 29. f3 Kf8 30. Kg3 Ke8 31. Rxh7 Rxc4 32. Rxh6 Rc7 33. Rf6 Rg7+ 34. Kf2 Ke7 35. Rf4 Rg8 36. g4 Ke6 37. Kg3 Ke5 38. Rf5+ Ke6 39. h4 Rg6 40. h5 Rg7 41. f4 Ra7 42. Re5+ Kd6 43. g5 Ra3+ 44. Kg4 Ra1 45. Re2 Rg1+ 46. Kf5 Ra1 47. h6 Ra5+ 48. Kg6 Ra8 49. f5 Rg8+ 50. Kh5 Ra8 51. g6 Ra1 52. Kg5 Rg1+ 53. Kf6 Ra1 54. Rd2+ Kc7 55. h7 Ra6+ 56. Kg7 Ra7 57. f6 Kc6+ 58. f7 Kc5 59. h8=Q Kc6 60. Qc8+ Kb6 61. Rb2+ Ka5 62. Qc5+ Ka4 63. Qb4# 1-0

[Event "Betsys MČR v online bleskovém šachu 2021"]
[Site "Chess.com"]
[Date "2021.04.17"]
[Round "6"]
[White "vikysachy"]
[Black "Richter_Rudolf"]
[Result "0-1"]
[WhiteElo "862"]
[BlackElo "1299"]
[TimeControl "180+1"]
[EndTime "9:56:08 PDT"]
[Termination "Uživatel Richter_Rudolf zvítězil matem"]

1. e4 c5 2. Nf3 Nc6 3. Bc4 e6 4. Nc3 Nf6 5. d3 a6 6. Qe2 b5 7.
Bb3 Nd4 8. Nxd4 cxd4 9. Nb1 e5 10. Bg5 h6 11. Bh4 d6 12. Nd2 Be7 13. O-O-O Nd7 14. a3 Bxh4 15. g3 Bg5 16. Rhf1 Nc5 17.
f4 Bf6 18. fxe5 dxe5 19. Qe1 Nxb3+ 20. Nxb3 Be6 21. Nc5 Qc7 22. Nxe6 fxe6 23. Qb4 Be7 24. Qb3 Rc8 25. c3 dxc3 26. bxc3 Qxc3+ 27. Kb1 Qxb3+ 28. Ka1 Bxa3 29. d4 Qb2# 0-1